 Dungeon Crawl Stone Soup version 0.32-a0-673-g3729bd50f8 (console) character file.

Game seed: 3382661590571468761

1673977 elliptic the Conqueror (level 27, 249/249 HPs)
             Began as a Coglin Shapeshifter on Mar 9, 2024.
             Was the Champion of Okawaru.
             Escaped with the Orb
             ... and 3 runes on Mar 10, 2024!
             The game lasted 03:55:05 (68678 turns).

elliptic the Conqueror (Coglin Shapeshifter)       Turns: 68678, Time: 03:55:05

Health: 249/249    AC: 49    Str: 25    XL:     27
Magic:  34/34      EV: 14    Int: 11    God:    Okawaru [******]
Gold:   1807       SH:  0    Dex: 19    Spells: 26/26 levels left

rFire   + + .        a - +9 eveningstar (vamp) {norare}
rCold   + . .        b - +9 eveningstar (freeze) {Yolanda}
rNeg    . . .        V - +12 gold dragon scales {nodragon}
rPois   +            N - +2 helmet {SInv}
rElec   +            c - scarf {rC+ rF+}
rCorr   .            M - +1 pair of gloves "Odwach" {rPois Regen+}
SInv    +            U - +2 pair of boots "Vistruguo" {+Blink Str+2 Dex+3}
Will    +++..        (amulet unavailable) Stlth
                     (ring unavailable)
HPRegen 1.41/turn    (ring unavailable)
MPRegen 0.24/turn    J - secondary retroramjet {AutoDazzle, rElec Will+}

%: clarity
@: hasted, studying 2 skills, very quick
A: off-hand wielding, slow wielding, warmup strikes, no jewellery, clarity,
sense surroundings 1, screaming 1, weak 1, evolution 1, cold vulnerability 1
0: Orb of Zot
}: 3/15 runes: serpentine, barnacled, silver
a: Renounce Religion, Evoke Blink, Heroism, Finesse, Duel


You escaped.
You worshipped Okawaru.
Okawaru was exalted by your worship.
You visited 11 branches of the dungeon, and saw 51 of its levels.
You also visited: Gauntlet, Ice Cave, Wizlab and Desolation.

You collected 8437 gold pieces.
You spent 6630 gold pieces at shops.


Innate Abilities, Weirdness & Mutations

You can wield a second weapon in your off-hand.
It takes a long time for you to wield or remove held weapons.
Your first few attacks do less damage.
You cannot equip rings or amulets.
You possess an exceptional clarity of mind.
You passively map a small area around you.
You occasionally shout uncontrollably at your foes.
You are weak. (Str -2)
You have hidden genetic potential.
You are vulnerable to cold. (rC-)


   Skills:
 O Level 27 Fighting
 - Level 20.0 Maces & Flails
 + Level 25.3 Armour
 - Level 15.0 Dodging
 - Level 2.6 Unarmed Combat
 - Level 15.5 Invocations
 - Level 10.2 Evocations
 - Level 2.6 Shapeshifting


You had 26 spell levels left.
You didn't know any spells.
Your spell library contained the following spells:

 Spells                   Type           Power      Damage    Failure   Level
 Apportation              Tloc           0%         N/A       96%         1
 Magic Dart               Conj           0%         1d3       96%         1
 Necrotise                Necr           0%         1d4       96%         1
 Sandblast                Erth           0%         2d4       96%         1
 Shock                    Conj/Air       0%         1d3       96%         1
 Sting                    Conj/Alch      0%         1d3       96%         1
 Blink                    Tloc           0%         N/A       99%         2
 Ensorcelled Hibernation  Hex/Ice        0%         N/A       99%         2
 Jinxbite                 Hex            0%         N/A       99%         2
 Lesser Beckoning         Tloc           0%         N/A       99%         2
 Mercury Vapours          Alch/Air       0%         N/A       99%         2
 Momentum Strike          Conj/Tloc      0%         3d8       99%         2
 Searing Ray              Conj           0%         2d4       99%         2
 Sublimation of Blood     Necr           0%         N/A       99%         2
 Dazzling Flash           Conj/Hex       0%         N/A       100%        3
 Frozen Ramparts          Ice            0%         1d1       100%        3
 Fugue of the Fallen      Necr           0%         N/A       100%        3
 Gell's Gravitas          Tloc           0%         N/A       100%        3
 Hailstorm                Conj/Ice       0%         3d5       100%        3
 Inner Flame              Hex/Fire       0%         N/A       100%        3
 Ozocubu's Armour         Ice            0%         N/A       100%        3
 Passwall                 Erth           0%         N/A       100%        3
 Sigil of Binding         Hex            0%         N/A       100%        3
 Stone Arrow              Conj/Erth      0%         3d7       100%        3
 Swiftness                Air            0%         N/A       100%        3
 Vampiric Draining        Necr           0%         2d6       100%        3
 Volatile Blastmotes      Fire/Tloc      0%         2d10      100%        3
 Airstrike                Air            0%         2d(0-16)  100%        4
 Anguish                  Hex/Necr       0%         N/A       100%        4
 Brom's Barrelling Bould  Conj/Erth      0%         2d3       100%        4
 Cause Fear               Hex            0%         N/A       100%        4
 Dimensional Bullseye     Hex/Tloc       0%         N/A       100%        4
 Dispel Undead            Necr           0%         3d6       100%        4
 Fulminant Prism          Conj/Alch      0%         3d5       100%        4
 Ignite Poison            Fire/Alch      0%         N/A       100%        4
 Iskenderun's Mystic Bla  Conj/Tloc      0%         2d3       100%        4
 Leda's Liquefaction      Alch/Erth      0%         N/A       100%        4
 Manifold Assault         Tloc           0%         N/A       100%        4
 Olgreb's Toxic Radiance  Alch           0%         N/A       100%        4
 Passage of Golubria      Tloc           0%         N/A       100%        4
 Petrify                  Alch/Erth      0%         N/A       100%        4
 Vhi's Electric Charge    Tloc/Air       0%         N/A       100%        4
 Alistair's Intoxication  Alch           0%         N/A       100%        5
 Arcjolt                  Conj/Air       0%         1d10      100%        5
 Borgnjor's Vile Clutch   Necr/Erth      0%         N/A       100%        5
 Curse of Agony           Necr           0%         N/A       100%        5
 Fireball                 Conj/Fire      0%         3d3       100%        5
 Irradiate                Conj/Alch      0%         3d11      100%        5
 Lee's Rapid Deconstruct  Erth           0%         3d4*      100%        5
 Metabolic Englaciation   Hex/Ice        0%         N/A       100%        5
 Silence                  Hex/Air        0%         N/A       100%        5
 Yara's Violent Unravell  Hex/Alch       0%         3d3       100%        5
 Bombard                  Conj/Erth      0%         9d1       100%        6
 Dispersal                Tloc           0%         N/A       100%        6
 Plasma Beam              Fire/Air       0%         2x1d10    100%        6
 Enfeeble                 Hex            0%         N/A       100%        7
 Ozocubu's Refrigeration  Ice            0%         4d7       100%        7
 Borgnjor's Revivificati  Necr           0%         N/A       100%        8
 Discord                  Hex            0%         N/A       100%        8
 Ignition                 Fire           0%         3d3       100%        8
 Lehudib's Crystal Spear  Conj/Erth      0%         10d2      100%        8
 Maxwell's Capacitive Co  Air            0%         death     100%        8
 Chain Lightning          Conj/Air       0%         N/A       100%        9
 Death's Door             Necr           0%         N/A       100%        9
 Fire Storm               Conj/Fire      0%         5d1       100%        9
 Shatter                  Erth           0%         3d5*      100%        9
 Summon Small Mammal      Summ           Unusable   N/A       N/A         1
 Call Imp                 Summ           Unusable   N/A       N/A         2
 Call Canine Familiar     Summ           Unusable   N/A       N/A         3
 Tukima's Dance           Hex            Unusable   N/A       N/A         3
 Animate Armour           Summ/Erth      Unusable   N/A       N/A         4
 Animate Dead             Necr           Unusable   N/A       N/A         4
 Martyr's Knell           Necr/Summ      Unusable   N/A       N/A         4
 Summon Lightning Spire   Summ/Air       Unusable   N/A       N/A         4
 Death Channel            Necr           Unusable   N/A       N/A         6
 Sculpt Simulacrum        Ice/Alch       Unusable   N/A       N/A         6
 Haunt                    Necr/Summ      Unusable   N/A       N/A         7
 Malign Gateway           Summ/Tloc      Unusable   N/A       N/A         7
 Summon Hydra             Summ           Unusable   N/A       N/A         7
 Infestation              Necr           Unusable   N/A       N/A         8
 Dragon's Call            Summ           Unusable   N/A       N/A         9

Inventory:

Hand Weapons
 a - a +9 vampiric eveningstar (weapon) {norare}
 b - a +9 eveningstar of freezing (offhand) {Yolanda}
Missiles
 d - 9 curare-tipped darts (quivered)
 L - 4 throwing nets
Armour
 c - a scarf of resistance (worn)
 C - the +0 cloak "Cuqomin" {rElec Dex+3}
   (You found it on level 4 of the Depths)

   Dex+3:     It affects your dexterity (+3).
   rElec:     It insulates you from electricity.
 I - a +2 cloak
 M - the +1 pair of gloves "Odwach" (worn) {rPois Regen+}
   (You bought it in a shop on level 5 of the Vaults)

   rPois:     It protects you from poison.
   Regen+:    It increases your rate of health regeneration.
 N - a +2 helmet of see invisible (worn)
 T - a +2 hat
 U - the +2 pair of boots "Vistruguo" (worn) {+Blink Str+2 Dex+3}
   (Okawaru gifted it to you on level 3 of the Lair of Beasts)

   Str+2:     It affects your strength (+2).
   Dex+3:     It affects your dexterity (+3).
   +Blink:    It lets you blink.
 V - +12 gold dragon scales (worn) {nodragon}
Gizmo
 J - a secondary retroramjet (installed) {AutoDazzle, rElec Will+}
   (You invented it yourself on level 3 of the Lair of Beasts)

   [secondary retroramjet]

   AutoDazzle: It sometimes fires a blinding ray at enemies whose attacks you
   dodge.
   rElec:     It insulates you from electricity.
   Will+:     It increases your willpower.
Wands
 g - a wand of iceblast (39)
 B - a wand of light (21)
 F - a wand of mindburst (45)
 K - a wand of flame (69)
 R - a wand of polymorph (20)
 S - a wand of digging (3)
Scrolls
 l - 3 scrolls of silence {!r}
 o - 17 scrolls of teleportation
 q - 7 scrolls of immolation
 r - 8 scrolls of fear
 t - 7 scrolls of poison
 x - 9 scrolls of vulnerability
 y - a scroll of enchant armour
 A - 4 scrolls of fog
 D - 2 scrolls of revelation
 G - 3 scrolls of blinking
 Q - 2 scrolls of brand weapon
Potions
 e - 2 potions of enlightenment
 f - 6 potions of brilliance
 h - 6 potions of heal wounds
 j - 8 potions of attraction
 k - 7 potions of might
 m - 8 potions of ambrosia
 n - 3 potions of haste
 p - 11 potions of curing
 s - 6 potions of cancellation
 u - 4 potions of invisibility
 w - 6 potions of mutation {!q}
 z - 4 potions of berserk rage {!q}
 E - 2 potions of resistance
 H - 4 potions of magic
Miscellaneous
 i - a phial of floods
 v - a lightning rod (4/4)


Message History

A glowing orange brain comes into view.
The glowing orange brain pulsates.
Something gnaws on your mind!
You feel your power leaking away.
A tormentor comes into view.
You flatten the tormentor like a pancake with your +9 vampiric eveningstar!!!
The tormentor is almost dead.
You crush the tormentor like a grape with your +9 eveningstar of freezing!!!
You freeze the tormentor.
You kill the tormentor!
Okawaru accepts your kill.
You barely miss the glowing orange brain with your +9 eveningstar of freezing.
You impale the glowing orange brain with your +9 vampiric eveningstar!!
You barely miss the glowing orange brain with your +9 eveningstar of freezing.
The glowing orange brain is heavily wounded.
You puncture the glowing orange brain with your +9 vampiric eveningstar!
You puncture the glowing orange brain with your +9 vampiric eveningstar!
You kill the glowing orange brain!
Okawaru accepts your kill.
There is an open door here.
Magic restored.
There is a stone staircase leading up here.
You climb upwards.
There is a stone staircase leading down here.
Things that are here:
a +0 whip; a bat skeleton
There is a stone staircase leading up here.
You climb upwards.
There is a stone staircase leading down here.
Items here: %% )).
There is a stone staircase leading up here.
You feel yourself speed up.
You climb upwards.
There is a stone staircase leading down here.
A red devil comes into view. It is wielding a +0 trident.
Blink to where?
Press: ? - help, Dir - move target
As you read the scroll of blinking, it crumbles to dust.
The red devil moves out of view.
You have escaped!

###.#.##.###......#.##.#.#.......
....#.............#.##.#.#.####.#
....###..#.#..#.#.#.##.#.#.# #.#
....# #................#'#.# #.#
###.# #..####.#.#.#.##.....# #.#
#.# #.......#...#..+.....# #.#
###.# #.##############.....# #.#
....# #...........[......#4####.#
##### #....##...@...##...........
#..................######.#
#.#####################.... #.#
,7..PP.P777.P.#.....#.#
#.#,P.P.P.P.P ,P.P#.#####.#
#.#.77P....... P..#.# #.... #.#,


7P.PP.7PP PPP#.# #.#.# ##### #.# ...7..7.P ,#.# #.#.# .%..# #.# , ,, #.# #.#.#
There were no monsters in sight!

Vanquished Creatures
  4 orbs of fire
  2 dread liches
  5 ancient liches
  3 juggernauts
  A royal mummy (Crypt:3)
  Sojobo (Depths:2)
  Boris (twice) (Crypt:2 Depths:3)
  3 Killer Klowns (Zot:5)
  3 curse toes
  A caustic shrike (Depths:2)
  6 golden dragons
  The ghost of Jigeme the Master Archer, a veteran DEHs of Fedhas (Depths:4)
  Norris (Elf:2)
  A bone dragon (Depths:4)
  2 doom hounds (Zot:2)
  Jorgrun (Shoals:1)
  An electric golem (Zot:5)
  4 liches
  10 tentacled monstrosities
  Zenata (Vaults:1)
  21 Orb Guardians
  2 deep elf blademasters (Elf:3)
  Grunn (Zot:2)
  A walking earthen tome (Depths:4)
  Asterion (Depths:2)
  3 titans
  5 quicksilver dragons
  10 sphinxes
  2 deep elf master archers (Elf:3)
  2 krakens
  An acid blob (Lair:4)
  The ghost of Konionua the Bewitcher, an adept KoEn of Dithmenos (Vaults:4)
  3 ancient champions
  3 death cobs
  A tentacled starspawn (WizLab)
  Frances (Snake:1)
  Polyphemus (Shoals:2)
  2 storm dragons (Zot:1)
  Kirke (D:14)
  14 tengu reavers
  Aizul (Shoals:1)
  Donald (Shoals:3)
  The ghost of Sugi the Slayer, a journeyman MiFi of Xom (Lair:4)
  13 shadow dragons
  6 fire giants
  A revenant (Vaults:2)
  Ilsuiw (Shoals:2)
  4 protean progenitors
  5 nagarajas
  7 frost giants
  3 draconian knights
  3 draconian monks
  An imperial myrmidon (Desolation)
  2 draconian scorchers
  10 deep elf sorcerers
  10 draconian shifters
  21 vault wardens
  2 deep elf elementalists (Elf:3)
  6 ghost moths
  5 ghouls (Crypt:2)
  Louise (Snake:2)
  2 curse skulls
  A balrug (Depths:1)
  3 orc warlords
  19 ironbound preservers
  3 demonspawn corrupters (WizLab)
  A draconian annihilator (Zot:5)
  17 very ugly things
  2 spriggan defenders (Depths:3)
  2 cacodemons
  4 formless jellyfish
  8 deep elf demonologists
  16 stone giants
  8 vampire knights
  10 ironbound thunderhulks
  8 green draconians
  5 red draconians
  3 halazid warlocks (Desolation)
  A spark wasp (shapeshifter) (Elf:1)
  6 deep elf death magi
  Azrael (Elf:2)
  5 white draconians
  3 spark wasps (Depths:4)
  A war gargoyle (Vaults:4)
  3 purple draconians
  6 black draconians
  11 deep elf annihilators
  6 yellow draconians
  4 eidola
  5 dire elephants
  4 merfolk javelineers (Shoals:4)
  19 ettins
  23 jiangshi
  Snorg (Lair:3)
  6 crystal guardians
  9 merfolk impalers (Shoals:4)
  An entropy weaver (shapeshifter) (Lair:5)
  8 fire dragons
  4 mummy priests (Crypt:3)
  32 vault guards
  Josephine (D:15)
  10 yaktaur captains
  8 rakshasas
  5 ice dragons
  9 great orbs of eyes
  7 hydras
  7 ragged hierophants (Desolation)
  A caustic shrike simulacrum (Crypt:2)
  3 entropy weavers (Vaults:4)
  3 deep elf high priests
  6 servants of whispers (Desolation)
  9 peacekeepers
  A sphinx zombie (Crypt:2)
  An anaconda (shapeshifter) (Depths:2)
  2 alligators (Depths:4)
  2 catoblepae
  3 spriggan air magi
  9 ironbound frosthearts
  3 salamander tyrants
  6 anacondas
  15 centaur warriors
  4 ogre magi
  2 merfolk aquamancers
  29 dancing weapons
  2 alligator snapping turtles (Shoals:4)
  2 satyrs
  6 two-headed ogres
  7 boulder beetles
  2 death knights
  12 death yaks
  4 merfolk avatars
  Erica (D:8)
  3 thrashing horrors (Lair:5)
  6 tengu warriors
  8 orc high priests
  10 naga sharpshooters
  14 deep troll earth magi
  2 hell hogs (Depths:1)
  5 deep troll shamans
  Urug (D:10)
  8 vampire magi
  4 shock serpents
  6 soul eaters
  7 occultists
  6 spriggan berserkers
  8 naga warriors
  6 sun demons
  15 deep elf knights
  An emperor scorpion zombie (Crypt:1)
  8 hell knights
  10 iron trolls
  A skyshark (shapeshifter) (Vaults:5)
  A fire crab (Gauntlet)
  2 bunyip zombies
  8 skeletal warriors
  A shadow wraith (Crypt:3)
  8 skysharks
  2 salamander mystics
  10 bog bodies
  5 sea snakes
  A sea snake (shapeshifter) (Vaults:3)
  49 deep trolls
  5 glowing orange brains
  2 orb spiders (Zot:5)
  A mana viper (shapeshifter) (D:14)
  18 arcanists
  A spriggan druid (WizLab)
  A shadow demon (Depths:3)
  A death drake (shapeshifter) (Vaults:5)
  6 naga ritualists
  9 mana vipers
  18 ironbound convokers
  A swamp dragon (WizLab)
  5 flayed ghosts
  9 lindwurms
  10 necromancers
  12 deep elf archers
  13 phantasmal warriors
  5 thermic dynamos
  A broodmother zombie (Crypt:1)
  2 orc sorcerers
  13 deep elf zephyrmancers
  2 tengu zombies
  A harpy (Vaults:5)
  A sun moth (shapeshifter) (Vaults:5)
  29 deep elf pyromancers
  11 orc knights
  2 oklob plants
  A wolf spider (D:15)
  38 ugly things
  20 fauns
  11 manticores
  4 moths of wrath
  7 cyclopes
  A cyclops (shapeshifter) (Elf:3)
  13 salamanders
  2 guardian serpents
  A moth of wrath (shapeshifter) (Depths:1)
  5 worldbinders (WizLab)
  3 elephants (Lair:3)
  A rust devil (Depths:3)
  2 meliai (shapeshifter)
  2 black mambas (shapeshifter)
  2 guardian serpents (shapeshifter)
  20 vault sentinels
  4 kobold blastminers (Orc:1)
  9 merfolk sirens
  An ice statue (IceCv)
  An elephant (shapeshifter) (D:14)
  46 black mambas
  7 water nymphs
  A fire giant skeleton (Crypt:1)
  A molten gargoyle (Desolation)
  2 dire elephant skeletons
  A dire elephant zombie (Crypt:2)
  16 naga magi
  Maggie (D:9)
  An eleionoma skeleton (Crypt:2)
  A torpor snail (Lair:3)
  4 smoke demons
  A rime drake (shapeshifter) (Lair:5)
  3 gargoyles
  A large abomination (Lair:5)
  A red draconian zombie (Crypt:3)
  An orb spider zombie (Crypt:2)
  17 cane toads
  An alligator snapping turtle skeleton (Crypt:1)
  3 rime drakes
  A spectral unseen horror (D:9)
  3 unseen horror skeletons
  A hellion (D:9)
  7 freezing wraiths
  2 anaconda simulacra (IceCv)
  31 guardian mummies (Crypt:3)
  A tormentor (D:4)
  A sea snake zombie (Crypt:2)
  A tengu conjurer (Depths:2)
  17 yaktaurs
  12 ice devils (IceCv)
  A purple draconian skeleton (Crypt:1)
  2 yaktaur skeletons
  11 komodo dragons
  20 merfolk
  A catoblepas skeleton (Crypt:3)
  A queen bee (shapeshifter) (Elf:3)
  2 harpy zombies
  4 hornets (Depths:3)
  6 trolls
  A death drake zombie (Crypt:1)
  5 polar bears (D:13)
  A wolf spider simulacrum (D:13)
  Grinder (D:5)
  Prince Ribbit (D:8)
  4 raiju
  2 wind drakes (Shoals:4)
  6 snapping turtles
  A glass eye (Depths:3)
  36 blink frogs
  40 saltlings (Desolation)
  A snapping turtle (shapeshifter) (Vaults:5)
  11 dream sheep
  A blink frog (shapeshifter) (Elf:1)
  A stone giant simulacrum (Vaults:1)
  An ettin zombie (Crypt:1)
  2 black mamba zombies (Crypt:1)
  2 centaur simulacra (D:13)
  4 dire elephant simulacra (IceCv)
  4 spriggans (Depths:3)
  3 ynoxinuls
  6 air elementals
  Sigmund (D:2)
  2 vampires
  8 water elementals
  9 slime creatures
  14 wraiths
  A tyrant leech zombie (Crypt:3)
  5 humans (D:14)
  2 wyverns
  7 basilisks
  4 fire bats (Gauntlet)
  6 steam dragons
  9 ushabtiu (Crypt:3)
  9 fire elementals
  8 vampire mosquitoes
  24 yaks
  3 wargs
  5 redbacks
  2 death yak simulacra (IceCv)
  Edmund (D:4)
  A glowing shapeshifter zombie (Vaults:1)
  14 small abominations (Lair:5)
  An acid dragon (D:8)
  20 water moccasins
  2 hydra simulacra (IceCv)
  3 hell hounds (Elf:2)
  39 nagas
  4 black bears
  4 ice beasts
  A deep troll skeleton (Crypt:3)
  19 laughing skulls
  36 orc warriors
  A meliai simulacrum (D:13)
  2 manticore zombies (Shoals:3)
  A sky beast (D:7)
  A wolf (shapeshifter) (D:15)
  13 ogres
  An elephant zombie (Crypt:2)
  24 wolves
  7 boggarts
  A lindwurm skeleton (Crypt:1)
  2 centaurs
  A phantom (D:5)
  A hog skeleton (Crypt:3)
  A kobold brigand (D:7)
  Blork the orc (D:5)
  A two-headed ogre simulacrum (IceCv)
  14 bullfrogs
  4 cane toad simulacra
  A gnoll sergeant (D:7)
  3 scorpions
  A warg zombie (Crypt:3)
  8 earth elementals
  A cyclops skeleton (Crypt:2)
  10 wights
  A human simulacrum (Vaults:3)
  3 elephant simulacra (IceCv)
  8 killer bees
  4 howler monkeys
  14 electric eels
  A centaur zombie (D:9)
  2 bombardier beetles
  A centaur skeleton (D:9)
  44 orc priests
  2 hounds
  2 jellies
  A gnoll bouda (D:6)
  A sleepcap (D:6)
  2 human skeletons
  6 iguanas
  24 orc wizards
  7 polar bear simulacra
  A troll simulacrum (D:13)
  3 spriggan simulacra
  10 wolf simulacra
  An ogre zombie (Crypt:2)
  An ogre skeleton (Crypt:2)
  A hound skeleton (D:8)
  7 mummies
  11 gnolls
  7 adders
  A shadow imp (D:8)
  7 white imps
  9 ufetubi
  6 dart slugs
  109 orcs
  3 ball pythons
  A bat zombie (Shoals:3)
  5 endoplasms
  4 giant cockroaches
  5 goblins
  3 hobgoblins
  3 quokkas
  2 river rat zombies
  5 bats
  3 frilled lizards
  A frilled lizard skeleton (Crypt:3)
  A hobgoblin zombie (D:5)
  19 kobolds
  A kobold zombie (D:5)
  2 orc zombies (D:5)
  2 rats
  3 aspiring fleshes
  5 starspawn tentacles (WizLab)
  10 tentacles
2336 creatures vanquished.

Vanquished Creatures (others)
  A merfolk siren (Shoals:3)
  A white imp (D:13)
  A spectral weapon (Elf:2)
  A starspawn tentacle (WizLab)
  15 tentacles
19 creatures vanquished.

Grand Total: 2355 creatures vanquished

Notes
Turn   | Place    | Note
-------+----------+-------------------------------------------
     0 | D:1      | elliptic the Coglin Shapeshifter began the quest for the
                  | Orb.
     0 | D:1      | Reached XP level 1. HP: 15/15 MP: 1/1
    88 | D:1      | Reached skill level 2 in Fighting
    88 | D:1      | Reached XP level 2. HP: 20/22 MP: 2/2
   428 | D:1      | Reached XP level 3. HP: 26/28 MP: 3/3
   469 | D:1      | Reached skill level 3 in Fighting
  1459 | D:2      | Noticed Sigmund
  1509 | D:2      | Reached XP level 4. HP: 37/37 MP: 4/4
  1584 | D:3      | hm
  1593 | D:3      | Reached skill level 4 in Fighting
  1714 | D:3      | Reached XP level 5. HP: 31/43 MP: 5/5
  1880 | D:3      | Identified the +1 leather armour of the Boiling Point {rF+
                  | Dex+3}
  2369 | D:4      | Reached skill level 5 in Fighting
  2400 | D:4      | Noticed Edmund
  2401 | D:4      | why
  2401 | D:4      | I guess I will lig
  2413 | D:4      | Killed Edmund
  2414 | D:4      | Reached XP level 6. HP: 44/51 MP: 6/6
  2573 | D:4      | Reached skill level 3 in Maces & Flails
  2904 | D:4      | Reached XP level 7. HP: 56/56 MP: 7/7
  3054 | D:7      | eh
  3122 | D:6      | Found Meto's Armour Shop.
  3156 | D:5      | Entered Level 5 of the Dungeon
  3221 | D:5      | hm
  3221 | D:5      | I am scared but not sure I can do much
  3336 | D:5      | Noticed Blork the orc
  3480 | D:4      | Reached skill level 6 in Maces & Flails
  3480 | D:4      | Reached XP level 8. HP: 53/63 MP: 8/8
  4410 | D:5      | Noticed Grinder
  5017 | D:6      | Reached XP level 9. HP: 66/68 MP: 9/9
  5029 | D:6      | ow
  5031 | D:6      | ...
  5258 | D:6      | Reached skill level 9 in Maces & Flails
  5660 | D:6      | Reached skill level 6 in Fighting
  6112 | D:7      | Found a sacrificial altar of Ru.
  6121 | D:7      | Became a worshipper of Ru the Awakened
  6418 | D:7      | Found a staircase to the Ecumenical Temple.
  6570 | Temple   | Entered the Ecumenical Temple
  6577 | Temple   | Fell from the grace of Ru
  6577 | Temple   | Became a worshipper of Warmaster Okawaru
  6644 | D:6      | Bought a +2 helmet of see invisible for 322 gold pieces
  6720 | D:7      | Found a blossoming altar of Fedhas.
  6941 | D:7      | Reached skill level 7 in Fighting
  7225 | D:8      | Found a burning altar of Makhleb.
  7251 | D:8      | Found a shimmering altar of Xom.
  7308 | D:8      | Reached skill level 3 in Dodging
  7446 | D:8      | Noticed Erica
  7446 | D:8      | hm
  7446 | D:8      | hm
  7598 | D:5      | Reached XP level 10. HP: 77/79 MP: 10/10
  7625 | D:5      | Killed Grinder
  7625 | D:5      | Reached * piety under Okawaru
  7636 | D:5      | Reached skill level 1 in Invocations
  7658 | D:5      | Killed Blork the orc
  8056 | D:2      | Killed Sigmund
  8258 | D:8      | Found a staircase to the Lair.
  8511 | D:8      | hm
  8545 | D:8      | Found a broken altar of Ashenzari.
  8557 | D:8      | Found a glowing golden altar of the Shining One.
  8560 | D:8      | Found an ornate altar of the Wu Jian Council.
  8563 | D:8      | Found a radiant altar of Vehumet.
  8563 | D:8      | Found a snail-covered altar of Cheibriados.
  8564 | D:8      | Found a hide-covered altar of Uskayaw.
  8568 | D:8      | Found a hazy altar of Hepliaklqana.
  8568 | D:8      | Noticed Prince Ribbit
  8570 | D:8      | Killed Prince Ribbit
  8570 | D:8      | Reached ** piety under Okawaru
  8621 | D:8      | sigh
  8633 | D:8      | Killed Erica
  8634 | D:8      | Reached skill level 8 in Fighting
  8849 | D:8      | Reached skill level 9 in Fighting
  9299 | D:9      | Reached *** piety under Okawaru
  9399 | D:9      | Noticed a two-headed ogre
  9400 | D:9      | why
  9405 | D:10     | Entered Level 10 of the Dungeon
  9440 | D:10     | Reached XP level 11. HP: 89/89 MP: 12/12
  9460 | D:10     | Noticed a two-headed ogre
  9461 | D:10     | sigh
  9511 | D:10     | Found an opulent altar of Gozag.
  9512 | D:10     | Found Gozag's Platinum Reserve.
  9589 | D:10     | sigh
  9785 | D:10     | sigh
  9795 | D:11     | Found Noyjuabb's Armour Emporium.
  9848 | D:11     | Found a radiant altar of Vehumet.
  9972 | D:11     | Reached skill level 3 in Evocations
 10130 | D:11     | Noticed a cyclops
 10132 | D:11     | Killed a cyclops
 10133 | D:11     | Reached skill level 10 in Fighting
 10298 | D:11     | Noticed a two-headed ogre
 10299 | D:11     | sigh
 10450 | D:10     | Reached skill level 1 in Armour
 10975 | D:9      | Noticed Maggie
 10976 | D:9      | uh
 11065 | Lair:1   | Entered Level 1 of the Lair of Beasts
 11103 | Lair:1   | Found a gate leading to a gauntlet.
 11111 | Gauntlet | Entered a Gauntlet
 11111 | Gauntlet | Noticed a fire crab
 11111 | Gauntlet | Found a transporter.
 11111 | Gauntlet | Found a runed translucent gate.
 11111 | Gauntlet | Found a runed translucent gate.
 11114 | Gauntlet | Found a runed translucent gate.
 11114 | Gauntlet | Found a transporter.
 11116 | Gauntlet | Found a transporter.
 11132 | Gauntlet | Found a transporter.
 11135 | Gauntlet | Found a transporter.
 11136 | Gauntlet | Noticed an occultist
 11137 | Gauntlet | Noticed an arcanist
 11143 | Gauntlet | Found a transporter.
 11156 | Gauntlet | Noticed a wolf spider
 11158 | Gauntlet | Found a transporter.
 11161 | Gauntlet | Noticed a moth of wrath
 11165 | Gauntlet | Noticed a moth of wrath
 11168 | Gauntlet | Found a transporter.
 11169 | Gauntlet | Found the necklace of Bloodlust {Fury *Rage Will++ Int-3
                  | Slay+6}
 11178 | Gauntlet | Found a transporter.
 11179 | Gauntlet | Noticed a death yak
 11179 | Gauntlet | Noticed a death yak
 11180 | Gauntlet | Noticed a death yak
 11180 | Gauntlet | Noticed a death yak
 11181 | Gauntlet | Noticed a death yak
 11181 | Gauntlet | Noticed a death yak
 11181 | Gauntlet | Noticed a wolf spider
 11182 | Gauntlet | hm
 11192 | Gauntlet | Found a transporter.
 11201 | Gauntlet | Found a transporter.
 11204 | Gauntlet | Found a transporter.
 11281 | Gauntlet | Found a transporter.
 11372 | Gauntlet | Killed a fire crab
 11372 | Gauntlet | Reached **** piety under Okawaru
 11373 | Gauntlet | Reached skill level 3 in Armour
 11567 | Gauntlet | hm
 11584 | Gauntlet | Noticed a minotaur
 11585 | Gauntlet | hm
 11604 | Gauntlet | Identified the ring of Mysticism {rPois EV+5}
 11608 | Lair:1   | meh
 11655 | Lair:1   | Noticed a death yak
 11655 | Lair:1   | Noticed a death yak
 11688 | Lair:1   | Noticed a death yak
 11691 | Lair:1   | Killed a death yak
 11692 | Lair:1   | Reached skill level 6 in Evocations
 11694 | Lair:1   | Killed a death yak
 11707 | Lair:1   | Killed a death yak
 11707 | Lair:1   | Reached ***** piety under Okawaru
 11863 | Lair:1   | Reached skill level 9 in Evocations
 11999 | Lair:1   | Received a gift from Okawaru
 12407 | Lair:1   | Reached XP level 12. HP: 72/97 MP: 10/13
 12413 | Lair:1   | Reached skill level 6 in Dodging
 12756 | Lair:2   | Reached skill level 3 in Invocations
 12758 | Lair:2   | ow
 12950 | Lair:2   | Noticed an eight-headed hydra
 12961 | Lair:2   | Killed an eight-headed hydra
 13030 | Lair:2   | Found the +1 robe of Vines {NoPotionHeal Regen++++}
 13031 | Lair:2   | hm
 13190 | Lair:2   | Noticed a five-headed hydra
 13197 | Lair:2   | Noticed a five-headed hydra
 13198 | Lair:2   | Killed a five-headed hydra
 13201 | Lair:2   | Killed a five-headed hydra
 13347 | Lair:2   | Noticed a boulder beetle
 13476 | Lair:2   | Received a gift from Okawaru
 13490 | Lair:2   | Killed a boulder beetle
 13612 | Lair:2   | Noticed a death yak
 13631 | Lair:2   | Killed a death yak
 13632 | Lair:2   | Reached skill level 9 in Dodging
 13632 | Lair:2   | Noticed a death yak
 13632 | Lair:2   | Noticed a death yak
 13633 | Lair:2   | Noticed a death yak
 13648 | Lair:2   | Killed a death yak
 13652 | Lair:2   | Killed a death yak
 13653 | Lair:2   | Noticed a death yak
 13656 | Lair:2   | Killed a death yak
 13661 | Lair:2   | Killed a death yak
 13662 | Lair:2   | Reached skill level 11 in Fighting
 13662 | Lair:2   | Reached XP level 13. HP: 84/106 MP: 16/16
 13776 | Lair:2   | Received a gift from Okawaru
 13791 | Lair:2   | Found a staircase to the Shoals.
 13892 | Lair:2   | Found a staircase to the Snake Pit.
 14422 | D:6      | Bought the +3 pair of gloves "Hiwahir" {rCorr} for 481 gold
                  | pieces
 14478 | D:6      | Found a shimmering blue altar of Sif Muna.
 14586 | D:9      | Reached skill level 12 in Maces & Flails
 14755 | D:9      | Killed Maggie
 14873 | D:9      | Found a shadowy altar of Dithmenos.
 14901 | D:9      | Found a staircase to the Orcish Mines.
 15035 | D:10     | Noticed Urug
 15046 | D:10     | Killed Urug
 15093 | D:10     | Found an ancient bone altar of Kikubaaqudgha.
 15159 | D:10     | Received a gift from Okawaru
 16568 | Lair:3   | Noticed Snorg
 16576 | Lair:3   | Killed Snorg
 16576 | Lair:3   | Received a gift from Okawaru
 16834 | Lair:3   | Reached ****** piety under Okawaru
 16834 | Lair:3   | Received a gift from Okawaru
 16835 | Lair:3   | Reached XP level 14. HP: 113/113 MP: 18/18
 16835 | Lair:3   | Acquired a +4 eveningstar of protection
 16835 | Lair:3   | Received a gift from Okawaru
 16843 | Lair:3   | Acquired the +2 pair of boots "Vistruguo" {+Blink Str+2
                  | Dex+3}
 16843 | Lair:3   | Received a gift from Okawaru
 16878 | Lair:3   | Reached skill level 6 in Invocations
 16903 | Lair:3   | Acquired a secondary retroramjet {AutoDazzle, rElec Will+}
 17618 | Lair:4   | Found a runed translucent door.
 17621 | Lair:4   | Noticed Sugi's ghost (journeyman MiFi)
 17622 | Lair:4   | Found a runed translucent door.
 17623 | Lair:4   | Found a viscous altar of Jiyva.
 17624 | Lair:4   | Noticed an acid blob
 17625 | Lair:4   | Found a staircase to the Slime Pits.
 17927 | Lair:4   | Killed an acid blob
 17949 | Lair:4   | Killed Sugi's ghost
 17981 | Lair:5   | Entered Level 5 of the Lair of Beasts
 18122 | Lair:5   | Received a gift from Okawaru
 18309 | Lair:5   | Reached skill level 15 in Maces & Flails
 18392 | Lair:5   | Gained mutation: Your body sometimes deteriorates upon
                  | taking damage. [potion of mutation]
 18392 | Lair:5   | Gained mutation: You have supernaturally acute eyesight.
                  | (SInv) [potion of mutation]
 18987 | Lair:5   | Received a gift from Okawaru
 19162 | Lair:5   | Reached XP level 15. HP: 118/118 MP: 21/21
 19194 | Lair:5   | Found a corrupted altar of Lugonu.
 19194 | Lair:5   | Found a one-way gate to the infinite horrors of the Abyss.
 19537 | Orc:1    | Entered Level 1 of the Orcish Mines
 19694 | Orc:2    | Entered Level 2 of the Orcish Mines
 19694 | Orc:2    | Found a roughly hewn altar of Beogh.
 19759 | Orc:2    | Found a staircase to the Elven Halls.
 19821 | Orc:1    | Noticed an orc warlord
 19885 | Orc:2    | Killed an orc warlord
 19886 | Orc:2    | Reached skill level 12 in Fighting
 20116 | Orc:1    | Found a roughly hewn altar of Beogh.
 20587 | Orc:2    | Received a gift from Okawaru
 20919 | Orc:2    | Reached skill level 13 in Fighting
 21422 | Orc:2    | Received a gift from Okawaru
 21457 | Orc:2    | Found Caoxek's Antique Weapon Emporium.
 21457 | Orc:2    | Found Eryapt Ahin's Distillery.
 21458 | Orc:2    | Found Kusticko's Armour Shoppe.
 21458 | Orc:2    | Found Xoqi's Weapon Emporium.
 21465 | Orc:2    | Bought a potion of curing for 45 gold pieces
 21692 | D:13     | Reached skill level 14 in Fighting
 21815 | D:13     | Found a frozen archway.
 21860 | IceCv    | Entered an ice cave
 22036 | IceCv    | Found an ancient bone altar of Kikubaaqudgha.
 22157 | IceCv    | Received a gift from Okawaru
 22234 | IceCv    | Reached skill level 15 in Fighting
 22473 | D:13     | Reached XP level 16. HP: 121/136 MP: 22/22
 22990 | D:14     | Noticed Kirke
 23190 | D:14     | Killed Kirke
 23190 | D:14     | Received a gift from Okawaru
 23323 | D:14     | Found a gate to the Vaults.
 23386 | D:14     | Reached skill level 16 in Fighting
 23806 | D:15     | Entered Level 15 of the Dungeon
 23806 | D:15     | Noticed Josephine
 23831 | D:15     | Killed Josephine
 23882 | D:15     | Reached skill level 6 in Armour
 24100 | D:15     | Found a glowing golden altar of the Shining One.
 24384 | D:15     | Found a staircase to the Depths.
 24728 | Snake:1  | Entered Level 1 of the Snake Pit
 24797 | Snake:1  | Received a gift from Okawaru
 24930 | Snake:1  | Noticed Frances
 24954 | Snake:1  | Killed Frances
 25024 | Snake:1  | Reached skill level 9 in Armour
 25052 | Snake:1  | Found a sacrificial altar of Ru.
 25122 | Snake:1  | Found Doom's Neck Hole.
 25431 | Snake:2  | Noticed a nagaraja
 25453 | Snake:2  | Killed a nagaraja
 25453 | Snake:2  | Received a gift from Okawaru
 25606 | Snake:2  | Reached XP level 17. HP: 105/144 MP: 23/23
 25814 | Snake:2  | Acquired a +3 demon whip of draining
 26020 | Snake:2  | Noticed Louise
 26032 | Snake:2  | Killed Louise
 26118 | Snake:2  | Received a gift from Okawaru
 26371 | D:6      | Bought the +8 plate armour of the Sea {rC+ Dex+3} for 1249
                  | gold pieces
 26510 | Shoals:1 | Entered Level 1 of the Shoals
 26510 | Shoals:1 | Identified the serpent talisman "Fostrish" {rN+ Stlth+}
 26510 | Shoals:1 | Noticed Aizul
 26519 | Shoals:1 | Killed Aizul
 26721 | Shoals:1 | Noticed Jorgrun
 26742 | Shoals:1 | Killed Jorgrun
 27277 | Shoals:1 | Reached skill level 9 in Invocations
 27699 | Shoals:2 | sigh
 28160 | Shoals:2 | Noticed Ilsuiw
 28185 | Shoals:2 | Killed Ilsuiw
 28613 | Shoals:3 | sigh
 28663 | Shoals:3 | Noticed a kraken
 28700 | Shoals:3 | Killed a kraken
 28769 | Shoals:3 | Noticed Donald
 28779 | Shoals:3 | Killed Donald
 28797 | Shoals:3 | Found Isig's Magic Scroll Boutique.
 28807 | Shoals:3 | Bought a scroll of teleportation for 54 gold pieces
 29006 | Shoals:3 | Reached skill level 12 in Armour
 29194 | Shoals:4 | Entered Level 4 of the Shoals
 29331 | Shoals:4 | Reached XP level 18. HP: 102/151 MP: 25/25
 29893 | Shoals:4 | Found the +9 sword of Zonguldrok {reap}
 30098 | Shoals:4 | Received a gift from Okawaru
 30478 | Shoals:4 | Got a barnacled rune of Zot
 30618 | Shoals:4 | Found Ciluir's Magic Scroll Boutique.
 30627 | Shoals:4 | Bought a scroll of teleportation for 39 gold pieces
 31101 | Orc:2    | Bought a potion of enlightenment for 75 gold pieces
 31478 | Snake:2  | Identified the +6 long sword of Tetz {protect, Fly}
 32077 | Snake:3  | Got the Incunable of Movement
 32690 | Snake:4  | Entered Level 4 of the Snake Pit
 34120 | Snake:4  | Reached skill level 17 in Fighting
 34120 | Snake:4  | Reached skill level 15 in Armour
 34294 | Snake:4  | Received a gift from Okawaru
 34296 | Snake:4  | Noticed a quicksilver dragon
 34302 | Snake:4  | Killed a quicksilver dragon
 34424 | Snake:4  | Got a serpentine rune of Zot
 34457 | Snake:4  | Reached XP level 19. HP: 153/161 MP: 26/26
 35004 | Shoals:4 | eh
 35321 | Elf:1    | Entered Level 1 of the Elven Halls
 35418 | Elf:1    | Paralysed by an air elemental for 1 turns
 35692 | Elf:1    | Got the Quarto of Geomancy
 35735 | Elf:1    | Got Circh's Directory of Soot
 37063 | Elf:2    | hm
 37337 | Elf:2    | Received a gift from Okawaru
 37391 | Elf:2    | Found a runed translucent gate.
 37391 | Elf:2    | Found a runed translucent gate.
 37391 | Elf:2    | Found a runed translucent gate.
 37499 | Elf:2    | Paralysed by an air elemental for 1 turns
 37516 | Elf:2    | Noticed Azrael
 37527 | Elf:2    | Killed Azrael
 37909 | Elf:2    | Reached skill level 18 in Fighting
 38146 | Elf:2    | Noticed Norris
 38182 | Elf:2    | oops
 38189 | Elf:2    | Killed Norris
 38189 | Elf:2    | Received a gift from Okawaru
 38550 | Elf:2    | I guess
 38682 | Elf:3    | Entered Level 3 of the Elven Halls
 38683 | Elf:3    | Found Waimuf's Vocational Training.
 38913 | Elf:3    | Found Wuich's Antique Armour Emporium.
 40162 | Shoals:4 | Bought a scroll of brand weapon for 123 gold pieces
 40163 | Shoals:4 | fine
 40529 | Vaults:1 | Entered Level 1 of the Vaults
 40557 | Vaults:1 | Reached XP level 20. HP: 124/171 MP: 27/27
 40609 | Vaults:1 | Paralysed by a sphinx for 4 turns
 40615 | Vaults:1 | Received a gift from Okawaru
 40733 | Vaults:1 | Reached skill level 19 in Fighting
 40736 | Vaults:1 | Found a crumbling gateway.
 40745 | Desolati | Entered the Desolation of Salt
 40950 | Desolati | Identified the +1 robe of Teloygua {rN+ Int+6}
 41260 | Desolati | Identified the staff of Defence by Offence {Conj Earth}
 41274 | Desolati | Got the Catalogue of Exothermic Mischance
 41275 | Desolati | Identified the +5 rapier of Doubt {drain, rPois MP+9 Int+2}
 41340 | Desolati | Got Moefun's Thoughts on Bruises and Bewitchment
 41343 | Desolati | Got Igarheeh's Volume of Quantum Kindling
 41425 | Desolati | Identified the +7 shortbow "Beastslayer" {drain, rF+ rC+
                  | rCorr Int+3}
 41439 | Desolati | Identified the +1 hand axe "Wackow" {heavy, rPois MP+9}
 41589 | Vaults:1 | Received a gift from Okawaru
 41628 | Vaults:1 | Identified the +3 robe "Dopp" {Str+3}
 41748 | Vaults:1 | Identified the +5 hand axe of Stickiness {protect, Dex+3}
 41772 | Vaults:1 | Noticed Zenata
 41779 | Vaults:1 | oh
 41782 | Vaults:1 | hm
 42019 | Vaults:1 | Killed Zenata
 42367 | Vaults:1 | Reached skill level 20 in Fighting
 42382 | Vaults:1 | Reached skill level 18 in Armour
 42386 | Vaults:1 | Received a gift from Okawaru
 42534 | Vaults:1 | Acquired 855 gold pieces
 42540 | Vaults:1 | Identified the +6 scale mail "Wougoseo" {Str+3 SInv}
 42981 | Vaults:2 | Reached XP level 21. HP: 184/184 MP: 28/28
 43276 | Vaults:2 | Found Gyuppobi's Antique Armour Shop.
 43386 | Vaults:2 | Received a gift from Okawaru
 43534 | Vaults:2 | Found a staircase to the Crypt.
 44248 | Vaults:3 | Received a gift from Okawaru
 44283 | Vaults:3 | Reached skill level 21 in Fighting
 44885 | Vaults:3 | Found Irghots's Book Emporium.
 45082 | Vaults:3 | Received a gift from Okawaru
 45254 | Vaults:3 | Paralysed by a formless jellyfish for 1 turns
 45965 | Vaults:4 | Paralysed by a formless jellyfish for 1 turns
 46209 | Vaults:4 | Reached XP level 22. HP: 176/196 MP: 29/29
 46233 | Vaults:4 | Received a gift from Okawaru
 46459 | Vaults:4 | Found a large runed translucent door.
 46460 | Vaults:4 | Found a large runed translucent door.
 46460 | Vaults:4 | Noticed Konionua's ghost (adept KoEn)
 46563 | Vaults:4 | Reached skill level 22 in Fighting
 46925 | Vaults:4 | Found a transporter.
 46925 | Vaults:4 | Found Cuithri's Assorted Antiques.
 46946 | Vaults:4 | Found a transporter.
 46969 | Vaults:4 | Bought a scroll of teleportation for 102 gold pieces
 46969 | Vaults:4 | Bought a potion of curing for 102 gold pieces
 47072 | Vaults:4 | Killed Konionua's ghost
 47169 | Crypt:1  | Entered Level 1 of the Crypt
 47170 | Crypt:1  | Upgraded the game from 0.32-a0-666-ge8a88695a4 to
                  | 0.32-a0-673-g3729bd50f8
 47632 | Crypt:1  | Reached skill level 12 in Dodging
 47856 | Crypt:1  | Noticed an ancient lich
 47863 | Crypt:1  | Received a gift from Okawaru
 47874 | Crypt:1  | Killed an ancient lich
 49001 | Crypt:2  | Received a gift from Okawaru
 49505 | Crypt:3  | Entered Level 3 of the Crypt
 49511 | Crypt:3  | Identified the +2 robe "Pigh" {rCorr Int+4}
 49511 | Crypt:3  | Noticed Boris
 49524 | Crypt:2  | Killed Boris
 49616 | Crypt:2  | Found a basalt altar of Yredelemnul.
 50336 | Crypt:3  | Received a gift from Okawaru
 50476 | Crypt:3  | Found a staircase to the Tomb.
 50652 | Crypt:3  | Reached XP level 23. HP: 179/205 MP: 30/30
 50817 | Crypt:3  | Reached skill level 23 in Fighting
 50874 | Crypt:3  | HP: 27/201 [torment (25)]
 50885 | Crypt:3  | why
 50885 | Crypt:3  | HP: 23/201 [??? (21)]
 51243 | Crypt:3  | Reached skill level 21 in Armour
 51673 | Crypt:3  | Identified the death talisman of Fedhas's Generosity {Fly
                  | Dex+2}
 52393 | Crypt:3  | Identified the ring of Wyde Tiwn {Wiz rC+++ Will++ Stlth-}
 52393 | Crypt:3  | Noticed a royal mummy
 53066 | Crypt:3  | Got the Writings on Carcasses
 53107 | Crypt:3  | Lost mutation: You have supernaturally acute eyesight.
                  | (SInv) [potion of mutation]
 53107 | Crypt:3  | Lost mutation: Your body sometimes deteriorates upon taking
                  | damage. [potion of mutation]
 53107 | Crypt:3  | Gained mutation: You are strong-willed. (Will+) [potion of
                  | mutation]
 53107 | Crypt:3  | Gained mutation: You possess an exceptional clarity of
                  | mind. [potion of mutation]
 53107 | Crypt:3  | Gained mutation: You expend magic power (3 MP) to
                  | strengthen your wands. [potion of mutation]
 53130 | Crypt:3  | Killed a royal mummy
 53836 | Elf:3    | Bought a manual of Invocations for 1200 gold pieces
 54103 | Depths:1 | Entered Level 1 of the Depths
 54374 | Depths:1 | Found a basalt altar of Yredelemnul.
 54465 | Depths:1 | Found a gateway to Hell.
 54471 | Depths:1 | Found Mewinax's Merry Market.
 54488 | Depths:1 | Reached skill level 12 in Invocations
 54888 | Depths:1 | Received a gift from Okawaru
 55977 | Elf:3    | Received a gift from Okawaru
 55979 | Elf:3    | Identified the +9 trident "Liorph" {vamp, rElec Dex+2}
 55979 | Elf:3    | Identified the +1 leather armour of the Toothy God {rF+ rN+
                  | rCorr}
 56012 | Elf:3    | Reached skill level 15 in Invocations
 56490 | Elf:3    | Identified the staff of Wisusar {Will+ SInv Earth}
 56493 | Elf:3    | Identified the +2 dagger "Jelly's Bane" {antimagic, rCorr
                  | Str+2}
 57075 | Depths:2 | Found a magical portal.
 57078 | WizLab   | Entered Alistair's Party Mansion
 57153 | WizLab   | Reached XP level 24. HP: 212/215 MP: 28/34
 57210 | WizLab   | Received a gift from Okawaru
 57306 | WizLab   | Acquired a manual of Axes
 57899 | Depths:2 | Reached skill level 24 in Fighting
 57930 | Depths:2 | Received a gift from Okawaru
 58003 | Depths:2 | Identified the +1 leather armour of Wilelema {Regen+ SInv}
 58110 | Depths:2 | Noticed a caustic shrike
 58112 | Depths:2 | Noticed a juggernaut
 58116 | Depths:2 | Killed a caustic shrike
 58123 | Depths:2 | Killed a juggernaut
 58321 | Depths:2 | Noticed Asterion
 58337 | Depths:2 | Killed Asterion
 58616 | Depths:2 | Noticed Sojobo
 58617 | Depths:2 | why
 59077 | Depths:2 | Paralysed by an air elemental for 1 turns
 59090 | Depths:2 | Killed Sojobo
 59141 | Depths:2 | Found a one-way gate leading to the halls of Pandemonium.
 59361 | Depths:3 | meh
 59409 | Depths:3 | why
 59616 | Depths:3 | Identified the +11 trident of the End of Times {freeze,
                  | rPois rCorr Dex-2}
 59944 | Depths:3 | Identified the +2 robe of the Elven Halls {rN+ Stlth+}
 59944 | Depths:3 | Noticed Boris
 59955 | Depths:3 | Noticed a juggernaut
 59967 | Depths:3 | Killed Boris
 60250 | Depths:3 | Reached skill level 25 in Fighting
 60669 | Depths:3 | Found a corrupted altar of Lugonu.
 60746 | Depths:3 | Reached XP level 25. HP: 197/228 MP: 34/34
 60816 | Depths:3 | Found a one-way gateway to a ziggurat.
 60857 | Depths:3 | Noticed a juggernaut
 60865 | Depths:3 | Killed a juggernaut
 61119 | Depths:3 | Got Sif Muna's Folio of Bombardment
 61245 | Depths:4 | Entered Level 4 of the Depths
 61260 | Depths:3 | Killed a juggernaut
 61587 | Depths:4 | yay
 61592 | Depths:4 | Reached skill level 26 in Fighting
 62140 | Shoals:4 | Bought a scroll of enchant armour for 97 gold pieces
 62140 | Shoals:4 | Bought a scroll of fear for 52 gold pieces
 62140 | Shoals:4 | Bought a scroll of fear for 52 gold pieces
 62140 | Shoals:4 | Bought a scroll of fog for 52 gold pieces
 62167 | Shoals:3 | Bought a scroll of enchant armour for 135 gold pieces
 62212 | Shoals:2 | Noticed Polyphemus
 62220 | Shoals:2 | Killed Polyphemus
 62615 | Depths:1 | Bought a manual of Maces & Flails for 1440 gold pieces
 62806 | Depths:4 | Found a gate to the Realm of Zot.
 63129 | Depths:4 | Found a runed translucent gate.
 63129 | Depths:4 | Found a runed translucent gate.
 63130 | Depths:4 | Found a runed translucent gate.
 63133 | Depths:4 | Noticed Jigeme's ghost (veteran DEHs)
 63133 | Depths:4 | Noticed a juggernaut
 63272 | Depths:4 | Received a gift from Okawaru
 63365 | Depths:4 | Identified the amulet of Wonder {Acrobat Fly Stlth+}
 63375 | Depths:4 | lol
 63453 | Depths:4 | Killed Jigeme's ghost
 63545 | Depths:4 | Identified the +0 cloak "Cuqomin" {rElec Dex+3}
 63867 | Vaults:5 | Entered Level 5 of the Vaults
 63891 | Vaults:5 | Reached skill level 27 in Fighting
 64729 | Vaults:5 | Reached skill level 18 in Maces & Flails
 64823 | Vaults:5 | Identified the +7 flail "Owaproub" {vamp, Str+3 Int+2}
 64848 | Vaults:5 | Reached XP level 26. HP: 240/241 MP: 34/34
 64860 | Vaults:5 | Received a gift from Okawaru
 64887 | Vaults:5 | Found Igumorym's Antique Armour Shoppe.
 64893 | Vaults:5 | Bought a pair of steaming gloves for 275 gold pieces
 64893 | Vaults:5 | Identified the +1 pair of gloves "Odwach" {rPois Regen+}
                  | (You bought it in a shop on level 5 of the Vaults)
 64907 | Vaults:5 | Noticed a dread lich
 64916 | Vaults:5 | Killed a dread lich
 64999 | Vaults:5 | Identified the +5 scimitar "Destrit" {heavy, rC+ Will+}
 65022 | Vaults:5 | Noticed an ancient lich
 65034 | Vaults:5 | Killed an ancient lich
 65125 | Vaults:5 | Identified the +2 leather armour "Mammael" {rN+ Regen+}
 65125 | Vaults:5 | Identified the amulet "Okkit" {Reflect Will+ Str+2 Dex+2
                  | SH+5}
 65130 | Vaults:5 | Received a gift from Okawaru
 65506 | Vaults:5 | Noticed an ancient lich
 65511 | Vaults:5 | Killed an ancient lich
 65683 | Vaults:5 | Got a silver rune of Zot
 66134 | Orc:2    | Bought a potion of enlightenment for 75 gold pieces
 66134 | Orc:2    | Bought a potion of might for 60 gold pieces
 66134 | Orc:2    | Bought a potion of cancellation for 120 gold pieces
 66134 | Orc:2    | Bought a potion of might for 60 gold pieces
 66134 | Orc:2    | Bought a potion of might for 60 gold pieces
 66446 | Depths:1 | Bought a potion of magic for 144 gold pieces
 66446 | Depths:1 | Bought a potion of might for 72 gold pieces
 66446 | Depths:1 | Bought a potion of mutation for 144 gold pieces
 66559 | Zot:1    | Entered Level 1 of the Realm of Zot
 66791 | Zot:2    | Received a gift from Okawaru
 66802 | Zot:2    | Noticed Grunn
 66807 | Zot:2    | Killed Grunn
 67096 | Zot:3    | Noticed an orb of fire
 67097 | Zot:3    | why
 67100 | Zot:3    | Gained mutation: You are vulnerable to heat. (rF-) [an orb
                  | of fire]
 67106 | Zot:3    | Killed an orb of fire
 67120 | Zot:2    | Lost mutation: You are strong-willed. (Will+) [potion of
                  | mutation]
 67120 | Zot:2    | Lost mutation: You are vulnerable to heat. (rF-) [potion of
                  | mutation]
 67120 | Zot:2    | Lost mutation: You expend magic power (3 MP) to strengthen
                  | your wands. [potion of mutation]
 67120 | Zot:2    | Gained mutation: You occasionally shout uncontrollably at
                  | your foes. [potion of mutation]
 67120 | Zot:2    | Gained mutation: You passively map a small area around you.
                  | [potion of mutation]
 67120 | Zot:2    | Gained mutation: You are vulnerable to cold. (rC-) [potion
                  | of mutation]
 67120 | Zot:2    | Gained mutation: You have hidden genetic potential. [potion
                  | of mutation]
 67335 | Zot:4    | Received a gift from Okawaru
 67383 | Zot:5    | Entered Level 5 of the Realm of Zot
 67427 | Zot:5    | Noticed an orb of fire
 67436 | Zot:5    | Killed an orb of fire
 67478 | Zot:5    | Identified the +0 lajatang of the Sandy God {protect,
                  | Dex+3}
 67490 | Zot:5    | Reached XP level 27. HP: 249/249 MP: 34/34
 67522 | Zot:5    | Noticed an orb of fire
 67532 | Zot:5    | Killed an orb of fire
 67533 | Zot:5    | Reached skill level 24 in Armour
 67607 | Zot:5    | sigh
 67813 | Zot:5    | Reached skill level 15 in Dodging
 67958 | Zot:5    | Received a gift from Okawaru
 67973 | Zot:5    | Noticed an electric golem
 67986 | Zot:5    | Killed an electric golem
 68006 | Zot:5    | Noticed an orb of fire
 68022 | Zot:5    | Gained mutation: You are weak. (Str -2) [an orb of fire]
 68023 | Zot:5    | Killed an orb of fire
 68027 | Zot:5    | Noticed a dread lich
 68039 | Zot:5    | Killed a dread lich
 68050 | Zot:5    | Noticed an ancient lich
 68060 | Zot:5    | Killed an ancient lich
 68111 | Zot:5    | Received a gift from Okawaru
 68133 | Zot:5    | Noticed an ancient lich
 68140 | Zot:5    | Killed an ancient lich
 68161 | Zot:5    | Got the Orb of Zot
 68291 | Zot:1    | Noticed Vv
 68451 | D:10     | Noticed Cekitoxi the pandemonium lord
 68678 | D:$      | Escaped with the Orb!

Levels and vault maps discovered:
D:1:      minmay_arrival_arboretum_small, layout_basic
D:2:      layout_basic, uniq_sigmund
D:3:      layout_loops_ring
D:4:      layout_basic, uniq_edmund
D:5:      layout_basic, minmay_door_square, dreamdust_wishing_well,
          minmay_mini_ossuary, uniq_blork_the_orc, uniq_grinder
D:6:      layout_basic, lemuel_round_altar, serial_shops, shop,
          kennysheep_generic_room_9
D:7:      layout_basic, fedhas_altar_3, nicolae_overflow_crystal_walls,
          minmay_temple_entry_ruins
D:8:      layout_loops_ring, makhleb_blood_cavern_becter,
          nicolae_overflow_hallway_of_the_gods, overflow_temple_1_default,
          erik_lair_orcish_takeover, grunt_decor_mini_mirrors, uniq_erica,
          uniq_prince_ribbit1
D:9:      layout_basic, lemuel_coloured_pillars_altar, hangedman_weighted_door,
          uniq_maggie
D:10:     layout_stronghold, nicolae_gozag_zags_fifth_avenue,
          lemuel_crystal_altar, serial_bayou, serial_bayou_lake_a,
          serial_bayou_ford_a, serial_bayou_pond_a, serial_bayou_pond_d,
          serial_bayou_pond_c, serial_bayou_pond_a, uniq_urug
D:11:     layout_roguey, serial_shops, shop, fiery_altar_vehumet
D:12:     layout_basic, minivault_19
D:13:     layout_long_grid, portal_ice_cave_entry_ice_simulacra, serial_ice,
          serial_ice_i, serial_ice_h, serial_ice_f, serial_ice_m, serial_ice_d,
          serial_ice_b, serial_ice_o, serial_ice_n
D:14:     layout_roguey, david_vaults_2, amethyst_killhole, uniq_kirke
D:15:     hangedman_depths_entry_try_elsewhere_first, layout_basic,
          nicolae_tso_swordbearing_angel, minmay_unpleasant_kobolds,
          uniq_josephine
Temple:   hellmonk_temple_of_storms
Lair:1:   layout_cave_pods, gauntlet_entry_generic, beast_lair_carwin_9,
          infiniplex_staircase_pool_2
Lair:2:   layout_roguey, elwin_shoals_entry_rooms,
          minmay_snake_entry_guardpost_medium, hellmonk_guarded_unrand_vines,
          grunt_megastairs_2
Lair:3:   layout_loops_ring, serial_bayou, serial_bayou_pond_b,
          serial_bayou_shore_a, serial_bayou_pond_e, serial_bayou_pond_d,
          serial_bayou_pond_c, grunt_megastairs_1, infiniplex_staircase_pool,
          uniq_snorg
Lair:4:   layout_misc_corridors, slime_entry_2, ebering_ghost_inner_flame
Lair:5:   hellmonk_lair_end_abyssal_woods, layout_cellular_growth, st_stairs_5
Shoals:1: layout_shoals, uniq_aizul, uniq_jorgrun
Shoals:2: layout_shoals, uniq_polyphemus, uniq_ilsuiw
Shoals:3: layout_shoals, serial_shops, shop, nicolae_shoals_undead_eyrie,
          uniq_donald
Shoals:4: shoals_end_grunt_ice, layout_shoals, shoal_ilsuiw, serial_shops,
          nicolae_shop_waterfront
Snake:1:  layout_rooms, basic_altar, nicolae_shop_sticking_my_neck_out,
          uniq_frances
Snake:2:  layout_gridlike, uniq_louise
Snake:3:  layout_misc_corridors
Snake:4:  hellmonk_snake_rune_quicksilver_temple, layout_misc_corridors
Orc:1:    layout_diamond_mine, minmay_orc_temple_c
Orc:2:    st_orc_pillars, layout_caves, basic_altar
Elf:1:    layout_loops_cross, nicolae_elf_shapeshifter_party,
          nicolae_elf_loose_elemental_storage
Elf:2:    nicolae_elf_blades_splatter_lattice [mumra_blade_entry_dagger],
          layout_geoelf_octagon, uniq_norris, uniq_azrael
Elf:3:    elf_hall, layout_geoelf_castle, serial_shops, shop,
          nicolae_shop_vocational
Vaults:1: portal_desolation_entry_ruin, nicolae_vaults_little_squares_1,
          nicolae_vaults_tetromino_Z_2, vaults_room_pool,
          nicolae_vaults_diamond_1, vaults_mumra_hex,
          nicolae_vaults_yaktaur_gun_rack, layout_vaults_omnigrid, uniq_zenata
Vaults:2: nicolae_vaults_little_squares_5, minmay_crypt_entry_simple_plaza,
          nicolae_vaults_know_your_exits, hangedman_vaults_stream,
          hangedman_vaults_stagger, v_misc_26, nicolae_vaults_house_3,
          nicolae_vaults_little_squares_3, vaults_dpeg_encased_lava,
          layout_vaults_chaotic_city, serial_shops, shop
Vaults:3: st_diamondy, nicolae_vaults_trapezoid_lopsided_1,
          nicolae_vaults_inception_statues, nicolae_vaults_meiosis,
          nicolae_vaults_trapezoid_1, hangedman_vaults_slither,
          vaults_mumra_minichess, ontoclasm_vaults_spin, hangedman_vaults_nails,
          layout_vaults_big_cross, serial_shops, shop
Vaults:4: advil_vaults_ghost_guards, v_misc_29, v_misc_8, hangedman_vaults_trim,
          nicolae_vaults_cochlea, nicolae_vaults_double_plus_3,
          ontoclasm_vaults_gateway, nicolae_vaults_off_center_swirl,
          ontoclasm_vaults_eye, hangedman_vaults_capsules,
          nicolae_vaults_angled_halls, v_pattern_3,
          nicolae_vaults_ring_of_whatevers, layout_vaults_ring, serial_shops,
          nicolae_shop_drivethru
Vaults:5
Crypt:1:  layout_gridlike, grunt_megastairs_5
Crypt:2:  layout_chaotic_city, lemuel_upstairs_altar
Crypt:3:  due_elkab, layout_chaotic_city, uniq_boris
Depths:1: layout_gridville, hellmouth_3, yredelemnul_altar_generic, drop_trap,
          nicolae_alphabet_shops, corexii_hall_statues_i,
          minmay_hollow_rounded_squares
Depths:2: hangedman_stitches_corridor, layout_cave_pools, mu_enter_wizlab_7,
          minmay_misc_feat_tiny, hell_entry, rand_demon_pan_entry_8,
          uniq_asterion, uniq_sojobo
Depths:3: nicolae_hexawheel, layout_basic, enter_ziggurat_f, hell_entry,
          minmay_holes, abyss_entry_flame_altar, grunt_pan_entry_spiral,
          nicolae_danse_macabre, infiniplex_staircase_diamond, uniq_josephina
Depths:4: grunt_x_marks_the_spot, layout_basic, gammafunk_ghost_tricky_traps,
          hellmouth_1
Zot:1:    layout_cathedral_of_symmetry, uniq_vv
Zot:2:    regret_index_all_hallows'_manor, layout_basic, uniq_grunn
Zot:3:    layout_onion
Zot:4:    layout_basic, hangedman_zot_gyre
Zot:5:    layout_misc_corridors, uniq_tiamat

Action                     |  1- 3 |  4- 6 |  7- 9 | 10-12 | 13-15 | 16-18 | 19-21 | 22-24 | 25-27 || total
---------------------------+-------+-------+-------+-------+-------+-------+-------+-------+-------++-------
  Melee: Unarmed           |    32 |       |       |       |       |       |       |       |       ||    32
         Short sword       |    37 |       |       |       |       |       |       |       |       ||    37
         Dagger            |    14 |    41 |       |       |       |       |       |       |       ||    55
         Hand axe          |    35 |       |       |       |       |       |       |       |       ||    35
         Club              |     3 |       |       |       |       |       |       |       |       ||     3
         Spear             |     3 |     8 |       |       |       |       |       |       |       ||    11
         War axe           |       |    33 |       |       |       |       |       |       |       ||    33
         Flail             |       |    30 |   340 |   281 |   916 |   376 |       |       |       ||  1943
         Mace              |       |       |   112 |   165 |       |       |       |       |       ||   277
         Morningstar       |       |       |       |   111 |   252 |       |       |       |       ||   363
         Eveningstar       |       |       |       |       |   688 |   984 |  1825 |  2564 |  2110 ||  8171
         Demon whip        |       |       |       |       |       |   594 |   242 |       |       ||   836
  Throw: Dart              |       |    12 |     5 |    20 |       |     8 |       |       |     1 ||    46
 Invoke: Heroism           |       |       |       |    10 |     9 |     8 |     3 |     5 |     1 ||    36
         Finesse           |       |       |       |       |     4 |    18 |     9 |    18 |     9 ||    58
         Receive Weapon    |       |       |       |       |     1 |       |       |       |       ||     1
         Receive Armour    |       |       |       |       |     1 |       |       |       |       ||     1
Ability: Invent Gizmo      |       |       |       |       |     1 |       |       |       |       ||     1
  Evoke: Lightning rod     |       |       |       |     9 |       |     5 |     1 |     3 |       ||    18
         Wand              |       |       |       |     9 |       |     1 |       |     5 |     5 ||    20
    Use: Scroll            |     3 |       |    11 |     5 |    12 |    12 |    10 |    10 |    28 ||    91
         Potion            |       |     1 |     2 |     3 |     1 |     9 |     5 |    10 |    12 ||    43
   Stab: Sleeping          |     1 |     1 |     2 |       |     2 |     3 |       |       |       ||     9
         Distracted        |       |       |       |     1 |     3 |     4 |    11 |       |       ||    19
         Invisible         |       |       |       |       |     5 |    42 |     8 |     6 |     7 ||    68
         Confused          |       |       |       |       |       |       |       |     1 |       ||     1
 Armour: Animal skin       |    13 |       |       |       |       |       |       |       |       ||    13
         Leather armour    |    21 |    21 |   106 |       |       |       |       |       |       ||   148
         Skin              |       |    12 |       |       |       |       |       |       |       ||    12
         Steam dragon scal |       |       |    29 |   115 |       |       |       |       |       ||   144
         Ring mail         |       |       |       |    12 |       |       |       |       |       ||    12
         Robe              |       |       |       |    35 |   483 |   332 |       |       |       ||   850
         Plate armour      |       |       |       |       |       |   418 |   783 |  1071 |   116 ||  2388
         Gold dragon scale |       |       |       |       |       |       |       |       |   887 ||   887
  Dodge: Dodged            |    35 |    21 |   100 |   149 |   610 |   540 |   412 |   590 |   440 ||  2897
         Form:             |       |       |     1 |       |       |       |       |       |       ||     1
